 Dungeon Crawl Stone Soup version 0.26.1-2-gb8aa6d0cf2 (webtiles) character file.

Game seed: 16107375942379660196

1398 hawla the Conjurer (level 8, 0/48 HPs)
             Began as a Deep Elf Conjurer on Feb 25, 2021.
             Slain by a black bear (1 damage)
             ... on level 6 of the Dungeon.
             The game lasted 00:15:31 (7016 turns).

hawla the Conjurer (Deep Elf Conjurer)              Turns: 7016, Time: 00:15:32

Health: 0/48       AC:  5    Str: 10    XL:     8   Next: 41%
Magic:  19/19      EV: 15    Int: 26    God:
Gold:   359        SH:  0    Dex: 13    Spells: 12/19 levels left

rFire    . . .     SeeInvis .   o - +11 hand axe of Upheaval {vorpal, rElec}
rCold    . . .     Faith    .   (no shield)
rNeg     . . .     Spirit   .   a - +1 robe
rPois    .         Reflect  .   d - +2 hat
rElec    +         Harm     .   (no cloak)
rCorr    .         Rampage  .   (no gloves)
Will     .....                  (no boots)
Stlth    ++........             (no amulet)
HPRegen  0.16/turn              n - +6 ring of strength
MPRegen  0.16/turn              (no ring)

@: no status effects
A: no striking features
a: no special abilities


You were on level 6 of the Dungeon.
You visited 1 branch of the dungeon, and saw 6 of its levels.

You collected 359 gold pieces.

Inventory:

Hand Weapons
 o - the +11 hand axe of Upheaval (weapon) {vorpal, rElec}
   (You found it on level 4 of the Dungeon)

   It inflicts extra damage upon your enemies.
   It insulates you from electricity.
Missiles
 b - 12 javelins
 e - 43 poisoned darts
 m - 6 boomerangs
Armour
 a - a +1 robe (worn)
 d - a +2 hat (worn)
Jewellery
 n - a +6 ring of strength (left hand)
Wands
 c - a wand of disintegration (10)
 p - a wand of random effects (16)
Scrolls
 f - 8 scrolls of remove curse
 g - a scroll of identify
 i - 2 scrolls of magic mapping {unknown}
 l - a scroll of fog {unknown}
Potions
 h - a potion of brilliance
 j - 2 potions of cancellation


   Skills:
 + Level 3.8 Fighting
 - Level 1.0 Throwing
 - Level 6.0 Dodging
 - Level 3.0 Stealth
 - Level 6.0 Spellcasting
 - Level 6.0 Conjurations
 - Level 6.0 Necromancy
 - Level 1.0 Translocations
 - Level 1.0 Evocations


You had 12 spell levels left.
You knew the following spells:

 Your Spells              Type           Power        Failure   Level
a - Magic Dart            Conj           100%         1%          1
b - Searing Ray           Conj           78%          1%          2
c - Iskenderun's Mystic   Conj/Tloc      26%          16%         4

Your spell library contained the following spells:

 Spells                   Type           Power        Failure   Level
 Foxfire                  Conj/Fire      92%          1%          1
 Conjure Flame            Conj/Fire      23%          6%          3
 Dazzling Flash           Conj/Hex       46%          6%          3
 Corona                   Hex            7%           7%          1
 Ensorcelled Hibernation  Hex/Ice        14%          11%         2
 Confusing Touch          Hex            7%           21%         3
 Inner Flame              Hex/Fire       7%           21%         3
 Tukima's Dance           Hex            7%           21%         3
 Fulminant Prism          Conj/Hex       11%          21%         4
 Sticky Flame             Conj/Fire      23%          21%         4
 Fireball                 Conj/Fire      11%          50%         5


Dungeon Overview and Level Annotations

Branches:
Dungeon (6/15)
 Temple: D:4-7

Altars:
Dithmenos
Okawaru
Qazlal
Xom

Shops:
D:4 (

Annotations:
D:4 2 runed translucent doors, Hudbad's ghost, amateur DrFE


Message History

* * * LOW HITPOINT WARNING * * *
An orc comes into view. It is wielding a +0 dagger.
The black bear bites you.
* * * LOW HITPOINT WARNING * * *
The black bear closely misses you.
The black bear claws you but does no damage.
The orc warrior barely misses you.
It was a potion of cancellation.
You feel magically purged.
Your magical contamination has completely faded away.
The black bear closely misses you. The black bear claws you.
* * * LOW HITPOINT WARNING * * *
The black bear barely misses you. The black bear bites you.
* * * LOW HITPOINT WARNING * * *
The black bear closely misses you. The black bear misses you.
The orc warrior completely misses you.
It was a potion of magic.
Magic courses through your body. The black bear bites you.
* * * LOW HITPOINT WARNING * * *
The black bear claws you.
You die...

## .# ## ..
... .# #..
.#
##...###[#
.....oo..##
#..)oh@..#
.....######
.##


You could see an orc warrior, a black bear (berserk) and 2 orcs.

Vanquished Creatures
  Edmund (D:5)
  3 ogres
  A phantom (D:4)
  A centaur (D:5)
  2 scorpions
  A howler monkey (D:5)
  2 hounds (D:4)
  7 orc wizards
  4 orc priests
  A centaur skeleton (D:4)
  An iguana (D:6)
  6 worker ants
  5 adders
  A shadow imp (D:5)
  An ooze (D:3)
  An adder skeleton (D:5)
  3 worms
  2 dart slugs
  A leopard gecko (D:4)
  19 orcs
  4 giant cockroaches
  12 goblins
  5 hobgoblins
  3 jackals (D:2)
  2 kobolds (D:3)
  A quokka (D:4)
  3 ball pythons
  9 bats
  2 frilled lizards (D:5)
  A leopard gecko skeleton (D:4)
  A leopard gecko zombie (D:5)
  A quokka skeleton (D:4)
  A quokka zombie (D:3)
  4 rats
112 creatures vanquished.

Notes
Turn   | Place    | Note
-------+----------+-------------------------------------------
     0 | D:1      | hawla the Deep Elf Conjurer began the quest for the Orb.
     0 | D:1      | Reached XP level 1. HP: 10/10 MP: 6/6
   374 | D:1      | Reached XP level 2. HP: 15/15 MP: 5/8
   377 | D:1      | Learned a level 2 spell: Searing Ray
   686 | D:1      | Reached skill level 1 in Translocations
  1190 | D:2      | Reached XP level 3. HP: 20/20 MP: 4/9
  1323 | D:2      | Reached skill level 1 in Fighting
  1496 | D:2      | Found a shadowy altar of Dithmenos.
  2142 | D:3      | Reached skill level 5 in Conjurations
  2523 | D:3      | Reached XP level 4. HP: 19/25 MP: 6/10
  2528 | D:3      | Reached XP level 5. HP: 18/29 MP: 0/11
  2923 | D:3      | Reached skill level 1 in Necromancy
  3396 | D:3      | Found a stormy altar of Qazlal.
  3687 | D:4      | Noticed a phantom
  3697 | D:4      | Killed a phantom
  3698 | D:4      | Reached skill level 1 in Throwing
  3698 | D:4      | Reached XP level 6. HP: 30/35 MP: 3/12
  3778 | D:4      | Learned a level 4 spell: Iskenderun's Mystic Blast
  4084 | D:4      | Found a shimmering altar of Xom.
  4086 | D:4      | Found an iron altar of Okawaru.
  4168 | D:4      | Found Rebrosa's Weapon Shoppe.
  4233 | D:4      | Found a large runed translucent door.
  4234 | D:4      | Found a large runed translucent door.
  4504 | D:4      | Reached XP level 7. HP: 24/40 MP: 0/14
  5135 | D:4      | Noticed Hudbad's ghost (amateur DrFE)
  5475 | D:4      | Got a warped hand axe
  5476 | D:4      | Identified the +11 hand axe of Upheaval {vorpal, rElec}
                  | (You found it on level 4 of the Dungeon)
  5546 | D:5      | Entered Level 5 of the Dungeon
  5550 | D:5      | Reached skill level 5 in Dodging
  5896 | D:5      | Reached skill level 5 in Spellcasting
  5898 | D:5      | Reached skill level 5 in Necromancy
  6139 | D:5      | Noticed Edmund
  6288 | D:5      | Reached XP level 8. HP: 46/46 MP: 14/18
  6377 | D:5      | Killed Edmund
  6535 | D:5      | Reached skill level 1 in Evocations
  7016 | D:6      | HP: 1/48 [black bear (4)]
  7016 | D:6      | Slain by a black bear

Illustrated notes

Levels and vault maps discovered:
D:1:      dpeg_arrival_tiny_j, layout_loops_corners,
          chequers_serial_rivers_small_3
D:2:      layout_loops_ring, nicolae_dithmenos_shadow_blocks
D:3:      kennysheep_big_flooded_room, layout_basic, general_overflow_altar,
          minmay_misc_feat_plants
D:4:      layout_basic, okawaru_metal_pillars_1_2, serial_shops, shop,
          ebering_ghost_disaster_area, dk_vineyard_3, xom_teletrap_fun
D:5:      layout_rooms, chequers_serial_rivers_small_b, lightli_corner_chamber,
          uniq_edmund
D:6:      minmay_spotlight, layout_loops_ring, ebering_ghost_rock_garden,
          uniq_menkaure, uniq_sigmund, uniq_prince_ribbit1,
          uniq_crazy_yiuf_cottage, uniq_pikel

Skill      XL: |  1  2  3  4  5  6  7  8 |
---------------+-------------------------+-----
Translocations | 1 |  1.0
Stealth        | 3 |  3.0
Dodging        | 3 4 5 6 |  6.0
Fighting       | 1 2 3 |  3.8
Conjurations   | 5 6 |  6.0
Necromancy     | 2 3 5 6 |  6.0
Throwing       | 1 |  1.0
Spellcasting   | 5 6 |  6.0
Evocations     | 1 |  1.0

Action                   |  1- 3 |  4- 6 |  7- 9 || total
-------------------------+-------+-------+-------++-------
Melee: Unarmed           |       |    22 |       ||    22
       Hand axe          |       |       |     6 ||     6
 Cast: Magic Dart        |    36 |    19 |    22 ||    77
       Searing Ray       |    19 |    24 |    28 ||    71
       Iskenderun's Myst |       |     1 |     6 ||     7
Evoke: Wand              |       |       |     1 ||     1
  Use: Scroll            |     6 |     2 |     3 ||    11
       Potion            |       |     4 |     3 ||     7
Armor: Robe              |     2 |    12 |    12 ||    26
       Skin              |       |     4 |       ||     4
Dodge: Dodged            |     4 |    40 |    57 ||   101
